AoeStats
← LazyGuy

African Clearing

510917378Analyzed
3v3 RM · 19h ago on Oct 3, 2026· 41m 33s· 6 players
Game mode
Random Map
Map size
Normal (6 player)
Population
200
Speed
Normal
Resources
Standard
Victory
Conquest
Starting age
Dark Age
Ending age
Imperial Age
RankedLock teamsTeams togetherTeam positionsShared explorationLock speedFull tech treeHidden civsTurbo modeCheats
Victory
Defeat
🇨🇳 Mongols · China
1158
+12
🇻🇳 Franks · Vietnam
1042
+17
🇩🇪 Danes · Germany
1000
+58
🇺🇸 Magyars · United States
1088
-17
🇨🇦 Saxons · Canada
1068
-16
🇨🇦 Danes · Canada
1051
-15
radnark
12:34 Loom
14:24 Feudal Age
21:00 Castle Age
18:57 Double-Bit Axe
21:23 Scale Mail Armor
21:34 Forging
33:24 Pikeman
Rimbo
13:41 Feudal Age
19:39 Castle Age
18:24 Double-Bit Axe
18:20 Horse Collar
20:08 Scale Barding Armor
20:26 Husbandry
20:48 Bloodlines
22:15 Loom
23:38 Bloodlines
23:35 Gold Mining
26:34 Bow Saw
28:12 Chain Barding Armor
39:35 Fletching
gingersurprise69
3:43 Loom
14:34 Feudal Age
18:39 Castle Age
21:58 Fletching
22:57 Wheelbarrow
22:54 Double-Bit Axe
23:09 Horse Collar
29:56 Bodkin Arrow
30:52 Elite Skirmisher
31:53 Padded Archer Armor
33:13 Thumb Ring
39:14 Heavy Plow
39:39 Squires
38:59 Pikeman
39:25 Arson
39:26 Gambesons
40:11 Ballistics
41:04 Light Cavalry
41:54 Bloodlines
41:45 Husbandry
LazyGuy
8:45 Loom
16:01 Feudal Age
20:57 Castle Age
19:42 Double-Bit Axe
19:50 Stone Mining
20:30 Forging
23:08 Wheelbarrow
28:40 Fletching
32:38 Bodkin Arrow
36:25 Imperial Age
34:02 Scale Mail Armor
36:43 Chain Mail Armor
37:02 Hand Cart
36:35 Town Watch
37:32 Conscription
36:33 Ordonnance Companies
39:33 Iron Casting
40:03 Bow Saw
39:48 Gold Mining
41:12 Elite Throwing Axeman
YajiuSenpai
10:26 Loom
12:42 Feudal Age
16:28 Castle Age
14:27 Double-Bit Axe
15:42 Horse Collar
23:19 Fletching
26:17 Wheelbarrow
28:40 Bow Saw
31:21 Bodkin Arrow
33:51 Ballistics
34:05 Nomads
33:58 Gold Mining
Hadoukenッ
6:22 Loom
13:14 Feudal Age
14:18 Double-Bit Axe
17:31 Castle Age
19:33 Horse Collar
22:18 Scale Mail Armor
22:28 Forging
22:15 Gold Mining
25:53 Squires
37:28 Chain Mail Armor
39:05 Iron Casting
39:45 Hamask
41:30 Wheelbarrow
Connection lost

Rejoining the realm…

Still unreachable

The connection could not be restored.

Session expired

The server has moved on; the page needs a fresh start.